 Dungeon Crawl Stone Soup version 0.29.1-12-g30fa7ad0bf (webtiles) character file.

Game seed: 5177431040797626032

2502 Radix the Cleaver (level 9, -11/86 HPs)
             Began as a Minotaur Berserker on Jan 14, 2023.
             Was an Elder of Trog.
             Mangled by a kobold brigand
             ... wielding a +1 short sword of electrocution
              (18 damage)
             ... on level 6 of the Dungeon.
             The game lasted 00:18:36 (6687 turns).

Radix the Cleaver (Minotaur Berserker)              Turns: 6687, Time: 00:18:40

Health: -11/86     AC: 19    Str: 25    XL:     9   Next: 28%
Magic:  0/8        EV:  7    Int:  4    God:    Trog [****..]
Gold:   339        SH:  0    Dex: 11    Spells: 8/8 levels left

rFire   + . .      SeeInvis .   w - +1 war axe (protect)
rCold   . . .      Faith    .   (no shield)
rNeg    . . .      Spirit   +   d - +0 plate armour
rPois   .          Reflect  .   (helmet restricted)
rElec   .          Harm     .   (no cloak)
rCorr   +          Rampage  .   h - +0 pair of gloves
Will    ++...                   (no boots)
Stlth   ..........              r - amulet of guardian spirit
HPRegen 1.24/turn               v - ring of resist corrosion
MPRegen 0.11/turn               x - ring of protection from fire

@: mighty, lethally poisoned (-11 -> -12), strong-willed, under a protective
aura, on berserk cooldown, regenerating, slowed, very slow
A: horns 2, retaliatory headbutt
a: Renounce Religion, Berserk, Trog's Hand, Brothers in Arms


You were on level 6 of the Dungeon.
You worshipped Trog.
Trog was greatly pleased with you.
You visited 1 branch of the dungeon, and saw 6 of its levels.

You collected 339 gold pieces.

Inventory:

Hand Weapons
 a - a +0 hand axe
 w - a +1 war axe of protection (weapon)
Armour
 d - a +0 plate armour (worn)
 h - a +0 pair of gloves (worn)
Jewellery
 j - a +6 ring of intelligence
 r - an amulet of guardian spirit (around neck)
 v - a ring of resist corrosion (left hand)
 x - a ring of protection from fire (right hand)
Wands
 b - a wand of charming (12)
 m - a wand of roots (9)
 o - a wand of quicksilver (10)
Scrolls
 c - a scroll of fear
 e - 2 scrolls of magic mapping
 f - a scroll of teleportation
 g - a scroll of blinking {unknown}
 k - 3 scrolls of butterflies
 q - a scroll of identify
 u - a scroll of enchant weapon
Potions
 i - a potion of cancellation
 l - a potion of lignification
 p - a potion of might
 t - a potion of experience {unknown}
Miscellaneous
 n - a tin of tremorstones (2/2)


   Skills:
 + Level 10.6 Fighting
 + Level 10.7 Axes
 - Level 2.4 Armour
 - Level 2.1 Dodging
 + Level 3.6 Evocations


You had 8 spell levels left.
You didn't know any spells.
Your spell library was empty.

Dungeon Overview and Level Annotations

Branches:
Dungeon (6/15)             Temple (0/1) D:6

Altars:
Cheibriados
Fedhas

Shops:
D:4 !


Innate Abilities, Weirdness & Mutations

You have a pair of horns on your head.
You reflexively headbutt those who attack you in melee.


Message History

The kobold brigand hits you with a +1 short sword of electrocution.
You feel very mighty all of a sudden.
The kobold brigand hits you but does no damage.
You are electrocuted!
* * * LOW HITPOINT WARNING * * *
The kobold brigand hits you but does no damage.
The grasping roots constrict you.
The grasping roots release their grip on you.
You slash the kobold brigand!
The kobold brigand is almost dead.
You hit the kobold brigand. x2; You slash the kobold brigand!
The kobold brigand barely misses you. You furiously retaliate!
You headbutt the kobold brigand!
You kill the kobold brigand!
Trog accepts your kill.
The kobold brigand zaps a wand.
The roots erupt in riotous growth!
The grasping roots grab you!
The kobold brigand is unaffected. x3; The grasping roots constrict you.
The kobold brigand hits you with a +1 short sword of electrocution.
* * * LOW HITPOINT WARNING * * *
The kobold brigand hits you with a +0 whip.
* * * LOW HITPOINT WARNING * * *
The kobold brigand hits you but does no damage.
The kobold brigand throws a curare-tipped dart.
The curare-tipped dart hits you.
You are poisoned.
You have difficulty breathing.
* * * LOW HITPOINT WARNING * * *
You feel as though you will be slow longer.
The grasping roots constrict you.
* * * LOW HITPOINT WARNING * * *
The kobold brigand hits you but does no damage. x3
You slice the kobold brigand!!
The kobold brigand is almost dead.
You barely miss the kobold brigand. You closely miss the kobold brigand.
You feel very sick.
The kobold brigand barely misses you. x2; The roots lose their grip on you.
The kobold brigand hits you but does no damage.
You are electrocuted!!
You die...

# #.#......>......#######.#
####.#.....P.P.#...#....##.#
...#.####......#...#.##....#
...#.# ####.#.....#.#######
...#.#######.......#.#
...#.#.......#.....#.#
####.#.........#.#.#.#####
#.#..........)........#
####.#......).##@#..####.#
.....###.......KKK)..###.#
########.#.....#...).....#
.##...##.+.....'.##)''##.#
..#......#.....###.....###
#......###.#....#.#...#.#
###).>.....#....#⌠.#.#.⌠# #
#.#############.#K..#.# #
#.# #......##.....##


You could see 3 kobold brigands.

Vanquished Creatures
  The ghost of BigDaddyOpFi the Trooper, an amateur PaFi (D:6)
  A steam dragon (D:4)
  4 water moccasins
  A black bear (D:6)
  A centaur (D:4)
  5 kobold brigands (D:6)
  2 phantoms
  2 necrophages
  2 scorpions
  A killer bee (D:5)
  7 hounds
  2 jellies
  A gnoll bouda (D:5)
  6 iguanas
  An orc wizard (D:6)
  Robin (D:2)
  7 gnolls
  7 adders
  2 white imps (D:6)
  An ufetubus (D:5)
  7 worms
  3 dart slugs
  16 orcs
  10 ball pythons
  6 endoplasms
  4 giant cockroaches
  15 goblins
  13 hobgoblins
  3 jackals (D:1)
  9 kobolds
  4 quokkas
  6 bats
  5 frilled lizards
  5 rats
161 creatures vanquished.

Notes
Turn   | Place    | Note
-------+----------+-------------------------------------------
     0 | D:1      | Radix the Minotaur Berserker began the quest for the Orb.
     0 | D:1      | Reached XP level 1. HP: 19/19 MP: 0/0
   130 | D:1      | Found a faded altar of an unknown god.
   140 | D:1      | Reached XP level 2. HP: 23/27 MP: 1/1
  1008 | D:1      | You fall into a shaft and drop 1 floor!
  1070 | D:2      | Reached ** piety under Trog
  1071 | D:2      | Reached XP level 3. HP: 34/34 MP: 2/2
  1408 | D:2      | Identified the amulet "Tougidd" {Faith rF++ Will+ Str-5
                  | Dex+4}
  1598 | D:2      | Reached skill level 5 in Fighting
  1598 | D:2      | Reached XP level 4. HP: 42/42 MP: 3/3
  1799 | D:2      | Reached skill level 5 in Axes
  1894 | D:2      | Noticed Robin
  1912 | D:2      | Killed Robin
  3007 | D:4      | Found Luoquq's Distillery.
  3073 | D:4      | Found a snail-covered altar of Cheibriados.
  3079 | D:4      | Reached XP level 5. HP: 48/48 MP: 4/4
  3222 | D:4      | Reached *** piety under Trog
  3256 | D:4      | Noticed a water moccasin
  3270 | D:4      | Killed a water moccasin
  3271 | D:4      | Reached XP level 6. HP: 30/58 MP: 5/5
  3528 | D:4      | Noticed a steam dragon
  3550 | D:4      | Killed a steam dragon
  3551 | D:4      | Reached XP level 7. HP: 66/66 MP: 6/6
  4421 | D:5      | Entered Level 5 of the Dungeon
  5193 | D:5      | Reached XP level 8. HP: 64/75 MP: 7/7
  5442 | D:5      | Reached **** piety under Trog
  5786 | D:6      | Reached skill level 1 in Evocations
  5810 | D:6      | Found a staircase to the Ecumenical Temple.
  5842 | D:6      | Found a runed translucent gate.
  5973 | D:6      | Found a blossoming altar of Fedhas.
  6122 | D:6      | Noticed BigDaddyOpFi's ghost (amateur PaFi)
  6123 | D:6      | Found a runed translucent gate.
  6123 | D:6      | Found a runed translucent gate.
  6171 | D:6      | Reached skill level 10 in Fighting
  6171 | D:6      | Reached skill level 10 in Axes
  6673 | D:6      | Reached XP level 9. HP: 86/86 MP: 6/8
  6681 | D:6      | Killed BigDaddyOpFi's ghost
  6687 | D:6      | Mangled by a kobold brigand

Illustrated notes

Levels and vault maps discovered:
D:1:      roderic_chinese_lattice_arrival, layout_basic,
          hellmonk_ecumenical_altar_arch_garden, minmay_pentomino_t2
D:2:      layout_loops_corners, minmay_misc_feat_pillars, minmay_misc_feat_five,
          uniq_robin
D:3:      layout_basic, minmay_misc_feat_plants
D:4:      layout_loops_corners, slow_altar_2, serial_shops, shop,
          nzn_random_ring
D:5:      minmay_octagon_keep, layout_loops_ring
D:6:      layout_basic, fedhas_altar_1, minmay_temple_entry_trees,
          gammafunk_ghost_nasty_kobolds, grunt_ministairs_6

Skill      XL: |  1  2  3  4  5  6  7  8 |
---------------+-------------------------+-----
Fighting       | 4 5 6 7 8 10 | 10.6
Axes           | 4 5 6 7 8 10 | 10.7
Evocations     | 3 |  3.6
Armour         | |  2.4
Dodging        | |  2.1

Action                   |  1- 3 |  4- 6 |  7- 9 || total
-------------------------+-------+-------+-------++-------
Melee: Hand axe          |    83 |   119 |    31 ||   233
       Headbutt          |    19 |    22 |    34 ||    75
       War axe           |       |       |   155 ||   155
       Punch             |       |       |     3 ||     3
Invok: Trog's Hand       |       |     2 |     2 ||     4
       Berserk           |       |     2 |     1 ||     3
  Use: Scroll            |       |       |    12 ||    12
       Potion            |       |       |     2 ||     2
Armor: Animal skin       |     4 |       |       ||     4
       Plate armour      |    40 |    80 |   126 ||   246
Dodge: Dodged            |    26 |    49 |    83 ||   158
